 Dungeon Crawl Stone Soup version 0.14-a0-2848-g1d0399b (webtiles) character file.

4051 HollowCharge the Carver (level 9, -2/64 HPs)
             Began as a High Elf Gladiator on Feb 27, 2014.
             Was a Plaything of Xom.
             Slain by an ufetubus (4 damage)
             ... summoned by Xom
             ... on Level 10 of the Dungeon on Feb 28, 2014.
             The game lasted 01:01:52 (12821 turns).

HollowCharge the Carver (High Elf Gladiator)       Turns: 12821, Time: 01:01:53

HP  -2/64        AC  7     Str 17      XL: 9   Next: 77%
MP  15/15        EV 17     Int 13      God: Xom
Gold 612         SH  7     Dex 16      Spells:  0 memorised,  8 levels left

rFire  . . .     SeeInvis .     g - +0,+1 falchion
rCold  . . .     Clarity  .     l - +2 orc robe {MR+}
rNeg   . . .     Conserve .     e - +0 buckler
rPois  .         rCorr    .     c - +0 helmet
rElec  .         rRot     .     (no cloak)
SustAb . .       Spirit   .     n - +0 pair of gloves
rMut   .         Warding  .     j - +0 pair of elf boots
Saprov . . .     Stasis   .     (no amulet)
MR     +....                    (no ring)
                                E - ring of teleport control

@: flying, somewhat resistant to hostile enchantments, unstealthy
A: blurry vision 1, deterioration 1, spit poison 1
a: Spit Poison, Renounce Religion, Evoke Teleport Control


You were on level 10 of the Dungeon.
You worshipped Xom.
You were a special plaything of Xom.
You were not hungry.

You visited 2 branches of the dungeon, and saw 11 of its levels.

You collected 612 gold pieces.

Inventory:

Hand weapons
 a - a +1,+1 short sword
 g - a +0,+1 falchion (weapon)
 G - a +1,+1 falchion
Missiles
 t - 2 darts of flame (quivered)
Armour
 c - a +0 helmet (worn)
 e - a +0 buckler (worn)
 j - a +0 pair of elven boots (worn)
 l - a +2 orcish robe of magic resistance (worn)
 n - a +0 pair of gloves (worn)
 p - a +1 ring mail
 r - a +0 pair of boots
 v - a +0 pair of gloves
Magical devices
 b - a wand of digging (8)
 d - a wand of digging (5)
 o - a wand of disintegration (0)
 q - a wand of polymorph (0)
 x - a wand of random effects (0)
 D - a wand of lightning (0)
Comestibles
 f - 8 bread rations
 h - 4 royal jellies
 w - 8 cheeses
 C - 3 meat rations
 F - 5 chunks of yak flesh
Scrolls
 s - 5 scrolls of identify
 z - a scroll of enchant weapon II
 A - a scroll of enchant weapon I
 B - 4 scrolls of remove curse
Jewellery
 i - an uncursed ring of magical power
 u - an uncursed ring of wizardry
 E - a ring of teleport control (left hand)
Potions
 m - a potion of restore abilities


   Skills:
 + Level 7.1 Fighting
 * Level 12.0 Long Blades
 - Level 2.1 Throwing
 + Level 8.5 Dodging


You had 8 spell levels left.
You didn't know any spells.

Dungeon Overview and Level Annotations

Branches:
Dungeon (10/16)            Temple (1/1) D:5
    Orc: D:9-12        Lair: D:8-11

Altars:
Ashenzari
Cheibriados
Dithmenos
Elyvilon
Fedhas
Kikubaaqudgha
Makhleb
Nemelex Xobeh
Okawaru
Sif Muna
Trog
Vehumet
Xom
Yredelemnul
Zin
The Shining One

Annotations:
D:4 Grinder


Innate Abilities, Weirdness & Mutations

Your vision is a little blurry.
Your body is slowly deteriorating.
You can spit poison.


Message History

The quasit completely misses you. The quasit barely misses you.
The quasit claws you but does no damage.
The ufetubus closely misses you. The ufetubus completely misses you.
The ufetubus hits you.
* * * LOW HITPOINT WARNING * * *
The ufetubus barely misses you. The ufetubus completely misses you.
The quasit bites you but does no damage.
The quasit completely misses you. You block the quasit's attack.
There is an escape hatch in the floor here.
The ufetubus barely misses you. The ufetubus misses you.
The quasit barely misses you. The quasit misses you.
You block the quasit's attack.
You fly downwards.
The hatch slams shut behind you.
You hit the ufetubus.
The ufetubus is heavily wounded.
The ufetubus hits you.
* * * LOW HITPOINT WARNING * * *
The ufetubus hits you.
You die... "Boring in life, boring in death..."

####
..#
#5#
#@#
#5#
#.#
#.#
#.#
..#
###


You could see a quasit and an ufetubus.

Vanquished Creatures
  A fire drake (D:8)
  A wyvern (D:8)
  4 yaks (D:9)
  A necrophage (D:8)
  A sky beast (D:5)
  An ice beast (D:8)
  A yellow wasp (D:7)
  2 giant frogs
  A wyvern zombie (D:7)
  4 wights (D:9)
  4 crimson imps
  A goliath beetle (D:8)
  3 hounds
  4 orc priests
  A gnoll shaman (D:4)
  3 iguanas
  5 scorpions
  An iron imp (D:9)
  5 orc wizards
  Natasha (thrice) (D:6)
  4 worker ants
  An ogre skeleton (D:7)
  14 gnolls
  4 green rats (D:7)
  10 adders
  A giant mite (D:7)
  5 worms
  A scorpion zombie (D:6)
  3 giant eyeballs
  2 giant geckos
  An ooze (D:1)
  24 orcs
  22 bats
  A bat zombie (D:5)
  10 goblins
  17 hobgoblins
  8 jackals
  16 kobolds
  3 quokkas
  9 giant cockroaches
  8 giant newts
  A giant spore (D:8)
  A goblin skeleton (D:4)
  A hobgoblin skeleton (D:8)
  An orc zombie (D:7)
  24 rats
  A rat zombie (D:6)
  2 ballistomycetes (D:8)
242 creatures vanquished.

Vanquished Creatures (collateral kills)
  A yak (D:9)
  A hippogriff (D:8)
  A sky beast (D:8)
  A centaur (D:8)
  An ogre (D:8)
  A giant gecko (D:8)
  A ballistomycete (D:8)
7 creatures vanquished.

Vanquished Creatures (others)
  A giant spore (D:8)
  A bush (D:4)
2 creatures vanquished.

Grand Total: 251 creatures vanquished

Notes
Turn   | Place    | Note
--------------------------------------------------------------
     0 | D:1      | HollowCharge, the High Elf Gladiator, began the quest for the Orb.
     0 | D:1      | Reached XP level 1. HP: 14/14 MP: 2/2
   340 | D:1      | Reached skill level 4 in Long Blades
   340 | D:1      | Reached XP level 2. HP: 8/19 MP: 3/3
  1319 | D:1      | Reached XP level 3. HP: 22/24 MP: 5/5
  1844 | D:2      | Reached XP level 4. HP: 20/30 MP: 7/7
  1887 | D:2      | Reached skill level 5 in Long Blades
  2671 | D:3      | Reached XP level 5. HP: 22/36 MP: 8/8
  3642 | D:3      | You fall through a shaft!
  3669 | D:4      | Paralysed by a giant eyeball for 4 turns
  3679 | D:4      | Paralysed by a giant eyeball for 4 turns
  3861 | D:4      | Reached skill level 6 in Long Blades
  4135 | D:4      | Reached XP level 6. HP: 19/42 MP: 10/10
  4288 | D:4      | Reached skill level 5 in Dodging
  4775 | D:4      | Noticed Grinder
  5357 | D:4      | Paralysed by Grinder for 2 turns
  5376 | D:4      | Paralysed by Grinder for 7 turns
  5594 | D:5      | Entered Level 5 of the Dungeon
  5612 | D:5      | Reached skill level 7 in Long Blades
  5682 | D:5      | Found a staircase to the Ecumenical Temple.
  5797 | Temple   | Entered the Ecumenical Temple
  6146 | Temple   | Became a worshipper of Xom of Chaos
  6397 | D:5      | Reached XP level 7. HP: 43/48 MP: 12/12
  6423 | D:5      | XOM: silly message
  6436 | D:5      | XOM: divination: magic mapping
  6463 | D:5      | Paralysed by a potion of paralysis for 6 turns
  6643 | D:5      | XOM: divination: detect creatures
  6759 | D:5      | Gained mutation: You can spit poison. [mutagenic meat]
  6902 | D:6      | Noticed Natasha
  6904 | D:6      | XOM: harmless Summ miscast
  6908 | D:6      | Killed Natasha
  6939 | D:6      | XOM: potion effect (berserk)
  7051 | D:6      | Reached skill level 8 in Long Blades
  7076 | D:6      | Paralysed by a giant eyeball for 2 turns
  7116 | D:6      | XOM: potion effect (speed)
  7233 | D:6      | XOM: silly message
  7241 | D:6      | Paralysed by a giant eyeball for 2 turns
  7246 | D:6      | XOM: harmless Ice miscast
  7248 | D:6      | Paralysed by a giant eyeball for 2 turns
  7539 | D:6      | Found a shattered altar of Ashenzari.
  7547 | D:6      | Found a bloodstained altar of Trog.
  7676 | D:6      | Noticed Natasha
  7689 | D:6      | Killed Natasha
  7880 | D:6      | Noticed Natasha
  7890 | D:6      | Killed Natasha
  8421 | D:7      | Paralysed by a yellow wasp for 1 turns
  8424 | D:7      | Reached XP level 8. HP: 30/54 MP: 13/13
  8449 | D:7      | Reached skill level 5 in Fighting
  8453 | D:7      | HP: 2/55 [green rat (7)]
  8460 | D:7      | HP: 1/55 [poisoned by a yellow wasp]
  8591 | D:7      | XOM: colour smoke trail
  8683 | D:7      | XOM: mild Fire miscast
  8792 | D:7      | XOM: harmless Chrm miscast
  8965 | D:7      | Paralysed by a giant eyeball for 4 turns
  9084 | D:7      | Reached skill level 9 in Long Blades
  9185 | D:7      | XOM: mild Ice miscast
 10191 | D:8      | XOM: scenery: create altars
 10201 | D:8      | Noticed a two-headed ogre
 10204 | D:8      | XOM: cast spell 'Dispersal'
 10268 | D:8      | XOM: summons 5 friendly demons
 10348 | D:8      | XOM: 1-stop teleportation journey
 10656 | D:8      | Noticed a fire drake
 10656 | D:8      | a two-headed ogre changed into a fire drake
 10656 | D:8      | XOM: polymorph two-headed ogre -> fire drake
 10658 | D:8      | Killed a fire drake
 10658 | D:8      | Reached skill level 10 in Long Blades
 10953 | D:8      | XOM: confuse monster(s)
 11116 | D:8      | XOM: mild Erth miscast
 11190 | D:8      | Reached XP level 9. HP: 4/62 MP: 15/15
 11242 | D:8      | XOM: god gift: 4 royal jellies
 11535 | D:8      | XOM: cast spell 'Summon Horrible Things'
 11547 | D:8      | XOM: give mutations
 11547 | D:8      | Gained mutation: Your body is slowly deteriorating. [Xom's mischief]
 11547 | D:8      | Gained mutation: Your vision is a little blurry. [Xom's mischief]
 11561 | D:8      | Reached skill level 11 in Long Blades
 11928 | D:8      | XOM: stat loss: -1 Dex (15/16)
 12040 | D:9      | XOM: mild Divn miscast
 12131 | D:9      | XOM: 2-stop teleportation journey
 12147 | D:9      | XOM: vitrification
 12229 | D:9      | Found a white marble altar of Elyvilon.
 12292 | D:9      | XOM: confuse monster(s)
 12309 | D:9      | XOM: potion effect (invisibility)
 12317 | D:9      | HP: 3/63 [yak (14)]
 12318 | D:9      | XOM: harmless Pois miscast
 12324 | D:9      | XOM: colour smoke trail
 12681 | D:9      | XOM: silly message
 12713 | D:9      | XOM: 2-stop teleportation journey
 12733 | D:9      | XOM: swap weapons
 12743 | D:9      | Reached skill level 12 in Long Blades
 12799 | D:9      | XOM: summons 4 hostile demons
 12820 | D:10     | Entered Level 10 of the Dungeon
 12821 | D:10     | HP: 2/64 [ufetubus[Xom] (3)]
 12821 | D:10     | Slain by an ufetubus

Action                   |  1- 3 |  4- 6 |  7- 9 || total
-------------------------+-------+-------+-------++-------
Melee: Falchion          |   202 |   418 |   674 ||  1294
Throw: Throwing net      |     2 |    15 |       ||    17
       Dart              |       |     5 |     4 ||     9
 Abil: Spit Poison       |       |       |    19 ||    19
       Evoke Teleport Co |       |       |     1 ||     1
Evoke: Wand              |       |     1 |    23 ||    24
  Use: Scroll            |     8 |     9 |     7 ||    24
       Potion            |       |     5 |    13 ||    18
 Stab: Sleeping          |     1 |       |     3 ||     4
       Held in net/web   |     4 |     8 |       ||    12
       Invisible         |       |       |     5 ||     5
       Confused          |       |       |     2 ||     2
